 Dungeon Crawl Stone Soup version 0.22-a0-223-g0f5d773 (webtiles) character file.

735 Gorglomux the Grasshopper (level 7, -1/29 HPs)
             Began as a Spriggan Warper on Feb 19, 2018.
             Was an Initiate of Hepliaklqana.
             Slain by an orc warrior
             ... wielding a +2 short sword of electrocution
              (20 damage)
             ... on level 5 of the Dungeon.
             The game lasted 00:19:23 (6874 turns).

Gorglomux the Grasshopper (Spriggan Warper)         Turns: 6874, Time: 00:19:24

Health: -1/29      AC:  5    Str:  7    XL:     7   Next: 45%
Magic:  10/16      EV: 20    Int: 21    God:    Hepliaklqana [......]
Gold:   274        SH:  0    Dex: 16    Spells: 10/17 levels left

rFire    . . .     SeeInvis +   a - +0 short sword
rCold    . . .     Gourm    .   (shield restricted)
rNeg     . . .     Faith    .   J - +0 steam dragon scales
rPois    .         Spirit   .   (helmet restricted)
rElec    .         Reflect  .   (no cloak)
rCorr    .         Harm     .   (gloves unavailable)
MR       +....                  (boots unavailable)
Stlth    ++++......             (no amulet)
HPRegen  0.09/turn              I - +5 ring of intelligence
MPRegen  0.15/turn              x - ring of stealth

@: very quick
A: very small, unfitting armour, reduced essence, see invisible, herbivore,
speed 3, slow metabolism 2
a: Recall Ancestor, Ancestor Identity, Renounce Religion


You were on level 5 of the Dungeon.
You worshipped Hepliaklqana.
Hepliaklqana was noncommittal.
You were not hungry.

You visited 2 branches of the dungeon, and saw 7 of its levels.

You collected 274 gold pieces.

Inventory:

Hand Weapons
 a - a +0 short sword (weapon)
 q - a +0 blowgun
 V - the +3 hand axe "Tafeteme" {chop, rN+}
   (You found it on level 4 of the Dungeon)

   It inflicts extra damage upon your enemies.
   It protects you from negative energy.
Missiles
 e - 3 tomahawks of dispersal (quivered)
 H - 2 tomahawks
 O - 32 poisoned needles
Armour
 J - +0 steam dragon scales (worn)
Jewellery
 x - a ring of stealth (right hand)
 I - a +5 ring of intelligence (left hand)
Scrolls
 B - 3 scrolls of blinking
 F - a scroll of noise {unknown}
 K - a scroll of enchant weapon {unknown}
 L - a scroll of amnesia {unknown}
 R - 3 scrolls of identify
 T - 2 scrolls of teleportation
 U - a scroll of random uselessness {unknown}
 X - a scroll of fear {unknown}
Potions
 E - a potion of heal wounds
 G - a potion of agility {unknown}
 M - 2 potions of cancellation
 Q - 2 potions of curing
 S - a potion of brilliance {unknown}
 W - a potion of haste {unknown}
 Y - a potion of might {unknown}
Comestibles
 c - 9 rations


   Skills:
 - Level 1.5 Fighting
 - Level 4.0 Short Blades
 - Level 1.0 Throwing
 - Level 5.2 Dodging
 - Level 5.0 Stealth
 + Level 5.9 Spellcasting
 + Level 7.7 Translocations


You had 10 spell levels left.
You knew the following spells:

 Your Spells              Type           Power        Failure   Level  Hunger
a - Gell's Gravitas       Tloc           #####.....   1%          3    ##.....
d - Blink                 Tloc           N/A          1%          2    None
h - Shroud of Golubria    Chrm/Tloc      ###.......   3%          2    None


Dungeon Overview and Level Annotations

Branches:
Dungeon (6/15)             Temple (1/1) D:6

Altars:
Ashenzari
Cheibriados
Dithmenos
Elyvilon
Fedhas
Gozag
Hepliaklqana
Kikubaaqudgha
Makhleb
Nemelex Xobeh
Okawaru
Qazlal
Ru
Sif Muna
Trog
Uskayaw
Vehumet
Yredelemnul
Zin
The Shining One

Shops:
D:6 }

Annotations:
D:3 galech's ghost, amateur OgBe
D:4 Grinder


Innate Abilities, Weirdness & Mutations

You are very small and have problems with some larger weapons.
You are too small for most types of armour.
You have supernaturally acute eyesight. (SInv)
You are a herbivore.
You cover ground extremely quickly.
You need consume almost no food.
Your life essence is reduced to manifest your ancestor. (-10% HP)


Message History

Aim: an orc warrior, wielding a short sword of electrocution and wearing a plate armour Gravity reorients around the orc warrior!
The orc warrior closely misses XTAHUA!
XTAHUA hits the orc warrior!
Butt: Gell's Gravitas (safe; 1% risk of failure)
Confirm with ! or Enter, or press ? or * to list all spells!
Butt: Gell'butts Gravitas (safe; 1% risk of failure)
Press: ? - help, Dir - move target cursor, f - XTAHUA, p - orc warrior
Aim: XTAHUA the ancestor (friendly) Gravity reorients around XTAHUA!
The butt warrior collides with XTAHUA!!!
The orc warrior hits XTAHUA with a short sword of butt!!!
XTAHUA hits the orc warrior!
Unknown butt!
The butt warrior hits XTAHUA with a short sword of electrocution!!!
XTAHUA hits the orc warrior but does butt damage!
You swap places!
The orc warrior hits you with a short sword of electrocution!!!
You are electrocuted!!!
DANG rip

..# ### .... #.. #.### #... #..
#...###.... #.# #....#..#
#.###......## #.##.......## ###
##..(........## #.##
#..##(........## ..##
##..###.###.(R@......# ##...#
#......## #....o.....# ##.....
#......## ##.)).....%# #......
##.......# ##........# ##......
#........## ##......## #.......
#.........######......###.......
##......................##.......
#........#######.####.#..........
#........# .. ##.##.........


You could see the friendly XTAHUA the ancestor and an orc warrior.

Vanquished Creatures
  A water moccasin (D:6)
  A centaur (D:5)
  An ogre (D:6)
  A bullfrog (D:6)
  A bullfrog zombie (D:6)
  A hound (D:3)
  A jelly (D:5)
  An orc wizard (D:6)
  An orc priest (D:3)
  A bullfrog skeleton (D:5)
  2 worker ants
  4 adders
  2 shadow imps (D:5)
  3 oozes
  An adder skeleton (D:5)
  An adder zombie (D:6)
  5 dart slugs
  A leopard gecko (D:4)
  18 orcs
  4 bats
  2 giant cockroaches (D:3)
  8 goblins
  5 hobgoblins
  10 kobolds
  3 quokkas
  A ball python (D:3)
  6 frilled lizards
  A leopard gecko skeleton (D:4)
  9 rats
  A plant (D:1)
97 creatures vanquished.

Vanquished Creatures (collateral kills)
  A worm (D:6)
  2 orcs (D:5)
3 creatures vanquished.

Grand Total: 100 creatures vanquished

Notes
Turn   | Place    | Note
-------+----------+-------------------------------------------
     0 | D:1      | Gorglomux the Spriggan Warper began the quest for the Orb.
     0 | D:1      | Reached XP level 1. HP: 10/10 MP: 5/5
   178 | D:1      | Reached skill level 1 in Stealth
   950 | D:1      | Reached XP level 2. HP: 13/14 MP: 6/6
   997 | D:1      | Reached skill level 3 in Stealth
  1035 | D:1      | Learned a level 2 spell: Shroud of Golubria
  1038 | D:1      | Learned a level 2 spell: Blink
  1794 | D:2      | Reached XP level 3. HP: 18/18 MP: 5/8
  2124 | D:2      | Learned a level 3 spell: Gell's Gravitas
  2394 | D:3      | Noticed galech's ghost (amateur OgBe)
  2458 | D:3      | Reached skill level 3 in Short Blades
  2458 | D:3      | Reached XP level 4. HP: 19/22 MP: 9/9
  3138 | D:3      | Reached skill level 3 in Spellcasting
  3138 | D:3      | Reached XP level 5. HP: 13/25 MP: 7/10
  3732 | D:4      | Noticed Grinder
  3847 | D:4      | Got an ivory hand axe
  3848 | D:4      | Identified the cursed +3 hand axe "Tafeteme" {chop, rN+} (You found it on level 4 of the Dungeon)
  3912 | D:4      | Found a snail-covered altar of Cheibriados.
  3913 | D:4      | Found a glowing golden altar of the Shining One.
  4238 | D:4      | Reached skill level 5 in Translocations
  4565 | D:5      | Entered Level 5 of the Dungeon
  4663 | D:5      | Reached XP level 6. HP: 12/30 MP: 6/12
  4985 | D:5      | Noticed an ice beast
  5125 | D:5      | Reached skill level 6 in Translocations
  5195 | D:5      | Noticed an orc warrior
  5793 | D:6      | Reached XP level 7. HP: 31/33 MP: 3/15
  5841 | D:6      | Reached skill level 7 in Translocations
  5880 | D:6      | Found a staircase to the Ecumenical Temple.
  6149 | Temple   | Entered the Ecumenical Temple
  6374 | Temple   | Became a worshipper of Hepliaklqana the Forgotten
  6450 | D:6      | Found Bizoplup's Gadget Shop.
  6874 | D:5      | Slain by an orc warrior

Vault maps used:
D:1:      scummos_arrival_simple_crosswalls, lexackson_kobold_supper
D:4:      gammafunk_temple_overflow_statue, uniq_grinder
D:5:      first_ration, hangedman_decor_riveting, guppyfry_early_orc_mine
D:6:      minmay_temple_entry_poolview, serial_shops, shop, roderic_lattice_a
Temple:   dpeg_five_rooms_temple

Skill      XL: |  1  2  3  4  5  6  7 |
---------------+----------------------+-----
Stealth        | 2 4 5 |  5.0
Short Blades   | 3 4 |  4.0
Spellcasting   | 3 5 |  5.9
Dodging        | 4 5 |  5.2
Translocations | 5 6 7 |  7.7
Fighting       | |  1.5
Throwing       | |  1.0

Action                   |  1- 3 |  4- 6 |  7- 9 || total
-------------------------+-------+-------+-------++-------
Melee: Short sword       |   163 |   263 |    63 ||   489
 Fire: Blowgun           |       |    43 |     4 ||    47
Throw: Tomahawk          |     2 |       |       ||     2
 Cast: Shroud of Golubri |     6 |     8 |     2 ||    16
       Gell's Gravitas   |       |    17 |     3 ||    20
       Blink             |       |       |     2 ||     2
Invok: Recall Ancestor   |       |       |     2 ||     2
       Ancestor Identity |       |       |     2 ||     2
  Use: Scroll            |     1 |     5 |       ||     6
       Potion            |       |     1 |       ||     1
 Stab: Sleeping          |    10 |     9 |     2 ||    21
  Eat: Ration            |       |     2 |     1 ||     3
Armor: Steam dragon scal |    24 |    27 |     8 ||    59
       Robe              |     1 |       |       ||     1
Dodge: Dodged            |   132 |   219 |    50 ||   401

Table legend:
 A = Spawn XP
 B = Non-spawn XP
 C = Spawn XP percentage of total XP
 D = Spawn monster count
 E = Non-spawn monster count
 F = Spawn count percentage of total count
 G = Total turns spent on level
                    A         B        C        D         E        F      G
               +---------+---------+-------+---------+---------+-------+---------
         Total |       0 |    1051 |   0.0 |       0 |      99 |   0.0 |  6874
               +---------+---------+-------+---------+---------+-------+---------
           D:1 |       0 |      22 |   0.0 |       0 |      14 |   0.0 |  1315
           D:2 |       0 |      53 |   0.0 |       0 |      18 |   0.0 |  1283
           D:3 |       0 |     155 |   0.0 |       0 |      27 |   0.0 |  1139
           D:4 |       0 |      74 |   0.0 |       0 |      12 |   0.0 |  1215
           D:5 |       0 |     284 |   0.0 |       0 |      16 |   0.0 |   790
           D:6 |       0 |     463 |   0.0 |       0 |      12 |   0.0 |   871
               +---------+---------+-------+---------+---------+-------+---------
